 Dungeon Crawl Stone Soup version 0.28.0 (webtiles) character file.

Game seed: 15018596315716659728

0 Host24 the Bolt Thrower (level 1, 0/12 HPs)
             Began as a Kobold Hunter on Mar 5, 2022.
             Slain by a dart slug (2 damage)
             ... on level 1 of the Dungeon.
             The game lasted 00:00:14 (113 turns).

Host24 the Bolt Thrower (Kobold Hunter)              Turns: 113, Time: 00:00:14

Health: 0/12       AC:  3    Str:  9    XL:     1   Next: 11%
Magic:  1/1        EV: 11    Int: 12    God:
Gold:   0          SH:  0    Dex: 15    Spells: 0/0 levels left

rFire   . . .      SeeInvis .   b - +0 short sword
rCold   + . .      Faith    .   (no shield)
rNeg    . . .      Spirit   .   c - +0 leather armour
rPois   .          Reflect  .   (no helmet)
rElec   .          Harm     .   (no cloak)
rCorr   .          Rampage  .   (no gloves)
Will    .....                   (no boots)
Stlth   +++.......              (no amulet)
HPRegen 0.04/turn               e - ring of protection from cold
MPRegen 0.07/turn               (no ring)

@: constricted
A: small, no large weapons, nightstalker 3
a: no special abilities


You were on level 1 of the Dungeon.
You visited 1 branch of the dungeon, and saw 1 of its levels.

Inventory:

Hand Weapons
 a - a +1 hand crossbow
 b - a +0 short sword (weapon)
Missiles
 d - 20 bolts
Armour
 c - a +0 leather armour (worn)
Jewellery
 e - a ring of protection from cold (left hand)


   Skills:
 - Level 2.1 Fighting
 + Level 4.8 Crossbows
 - Level 2.4 Dodging
 - Level 1.3 Stealth


You couldn't memorise any spells.
You didn't know any spells.
Your spell library contained the following spells:

 Spells                   Type           Power      Damage    Failure   Level
 Summon Small Mammal      Summ           0%         N/A       43%         1
 Call Canine Familiar     Summ           0%         N/A       80%         3
 Summon Guardian Golem    Hex/Summ       0%         N/A       80%         3


Dungeon Overview and Level Annotations

Branches:
Dungeon (1/15)

Altars:


Innate Abilities, Weirdness & Mutations

You are small and have problems with some larger weapons.
You are completely attuned to the shadows.


Message History

You pick up a book of Callings and begin reading...
You add the spells Summon Small Mammal, Call Canine Familiar and Summon Guardian Golem to your library.
Found a pearl ring.
The rat bites you.
You hit the rat.
You kill the rat!
You see here a rat corpse.
e - a ring of protection from cold
e - a ring of protection from cold (left hand) HP restored.
Found a stone staircase leading down.
A dart slug comes into view.
A ball python comes into view.
You hit the dart slug.
The dart slug is lightly wounded.
The dart slug bites you.
You hit the dart slug.
The dart slug is heavily wounded.
The ball python misses you. The ball python grabs you.
The ball python constricts you. The dart slug launches a dart at you.
The slug dart hits you.
You escape the ball python's grasp.
The ball python bites you. The ball python barely misses you.
The ball python bites you. The ball python grabs you.
The ball python constricts you.
* * * LOW HITPOINT WARNING * * *
You escape the ball python's grasp.
The ball python barely misses you. The ball python grabs you.
The ball python constricts you.
You hit the ball python.
The ball python is heavily wounded.
The ball python barely misses you. The ball python constricts you.
The ball python closely misses you. The ball python constricts you.
You barely miss the ball python.
The ball python is heavily wounded.
The ball python barely misses you. The ball python constricts you.
* * * LOW HITPOINT WARNING * * *
The dart slug bites you.
You die...

. ....#........ ##. >.
...#........
...####..####...........
......#.....#.#.#.......
#.###...........#####
#......#.#.#.####
#......#.#.#.# #####
#.##Sw...#.#.# .....
#.##@#####.#.# ..... #.
#.# #...# ..... #....#
..... ###... ..... #.###
....< .. ..... .....
..... .....


You could see a dart slug and a ball python.

Vanquished Creatures
  A rat (D:1)
1 creature vanquished.

Notes
Turn   | Place    | Note
-------+----------+-------------------------------------------
     0 | D:1      | Host24 the Kobold Hunter began the quest for the Orb.
     0 | D:1      | Reached XP level 1. HP: 12/12 MP: 1/1
   113 | D:1      | Slain by a dart slug

Illustrated notes

Levels and vault maps discovered:
D:1:      psy_arrival_statuary, layout_basic, ebering_ecumenical_altar_rust

Action                   || total
-------------------------++-------
Melee: Short sword       ||     5
Dodge: Dodged            ||     6
